Map: Prion Terraces

Players

Raul

  • Race: Protoss Protoss
  • League: Diamond

ILLBdA - Winner!

  • Race: Protoss Protoss
  • League: Diamond

VOD

Have the link to the VOD?

Description

Time

  • Played on: Dec. 23, 2015, 2:14 a.m.
  • Length: 2:25
Show
View Real Time Build Order
Export as new Build Order

Raul Protoss 

Build Orders: Nexus First 

Get SALT Encoding   

  12  0:01  Probe (Chrono Boost)  
  13  0:11  Probe (Chrono Boost)  
  14  0:18  Pylon  
  14  0:22  Probe (Chrono Boost)  
  15  0:36  Probe (Chrono Boost)  
  16  0:47  Probe (Chrono Boost)  
  17  0:59  Nexus  
  17  1:07  Gateway  
  17  1:13  Assimilator  
Show
View Real Time Build Order
Export as new Build Order

ILLBdA Protoss - Winner!

Build Orders:  

Get SALT Encoding   

  12  0:01  Probe (Chrono Boost)  
  13  0:11  Probe (Chrono Boost)  
  14  0:18  Pylon  
  14  0:22  Probe (Chrono Boost)  
  15  0:36  Probe (Chrono Boost)  
  15  0:38  Forge  
  16  0:46  Probe (Chrono Boost)  
  17  0:57  Probe (Chrono Boost)  
  18  1:14  Pylon  
  18  1:16  Pylon  
  18  1:17  Pylon  
  18  1:18  Pylon  
  18  1:34  Photon Cannon  
  18  1:36  Photon Cannon  
  18  1:40  Pylon  
  18  1:45  Probe (Chrono Boost)  
  19  2:03  Photon Cannon  
  19  2:05  Photon Cannon  
  19  2:14  Pylon  
Tags
 
Matchup
PvP
Replay Pack
me
Add a new tag
Caveats
  • Supply blocks, unpowered buildings, or Contaminate may cause inaccurate times.
  • Supply counts are checked every 10 seconds.